 Dungeon Sprint DCSS version 0.29.1-15-g9cfb28693d (webtiles) character file.

Game seed: 2096397749479859236

35 Groucho the Ducker (level 3, -1/27 HPs)
             Began as a Felid Berserker on Mar 30, 2023.
             Was an Initiate of Dithmenos.
             Slain by a wraith (5 damage)
             ... in the Dungeon (Sprint IX: "|||||||||||||||||||||||||||||").
             The game lasted 00:02:23 (2503 turns).

Groucho the Ducker (Felid Berserker)                Turns: 2503, Time: 00:02:24

Health: -1/27      AC:  1    Str: 18    XL:     3   Next: 16%
Magic:  5/5        EV: 20    Int:  8    God:    Dithmenos [......]
Gold:   0          SH:  0    Dex: 18    Spells: 2/2 levels left
                                        Lives:  0   Deaths: 0

rFire   . . .      SeeInvis +     - Unarmed
rCold   . . .      Faith    .   (shield unavailable)
rNeg    . . .      Spirit   .   (body armour unavailable)
rPois   .          Reflect  .   (helmet unavailable)
rElec   .          Harm     .   (cloak unavailable)
rCorr   .          Rampage  .   (gloves unavailable)
Will    .....      NoTele   +   (boots unavailable)
Stlth   ..........              (no amulet)
HPRegen 0.09/turn               i - +3 ring of dexterity
MPRegen 0.09/turn               j - +3 ring of strength

@: berserking (expiring), hasted and slowed, invisible, quick
A: very small, claws 1, fangs 3, see invisible, speed 1, shaggy fur 1, stealthy
paws, no weapons or thrown items, no armour, multi-lived
a: Renounce Religion


You were in the Dungeon.
You worshipped Dithmenos.
Dithmenos was noncommittal.
You visited 1 branch

Inventory:

Jewellery
 i - a +3 ring of dexterity (left paw)
 j - a +3 ring of strength (right paw)
Wands
 h - a wand of light (10)
Scrolls
 f - 2 scrolls of blinking
 k - 2 scrolls of amnesia
Potions
 b - 3 potions of heal wounds
 d - 4 potions of magic
 g - 4 potions of curing


   Skills:
 + Level 4.1 Fighting
 + Level 5.4 Dodging
 + Level 3.7 Stealth
 + Level 4.0 Unarmed Combat
 + Level 2.5 Invocations


You had 2 spell levels left.
You didn't know any spells.
Your spell library was empty.

Dungeon Overview and Level Annotations

Branches:
Dungeon (1/1)

Altars:
Cheibriados
Dithmenos
Elyvilon
Fedhas
Gozag
Hepliaklqana
Kikubaaqudgha
Makhleb
Nemelex Xobeh
Okawaru
Qazlal
Ru
Sif Muna
Trog
Uskayaw
Vehumet
Wu Jian
Xom
Yredelemnul
Zin
The Shining One
Jiyva
Lugonu


Innate Abilities, Weirdness & Mutations

You have sharp claws.
You have razor-sharp teeth.
You have supernaturally acute eyesight. (SInv)
You cover ground quickly. (Speed+)
You are covered in fur. (AC +1)
Your paws help you pounce on unaware monsters.
You are incapable of wielding weapons or throwing items.
You cannot wear armour.
You gain extra lives every three experience levels.


Message History

The wraith barely misses you.
You closely miss the wraith.
The wraith is moderately damaged.
The yak bellows!
The wyvern hisses angrily.
The howler monkey howls!
The howler monkey howls!
You scratch the wraith.
The wraith is moderately damaged.
The yak bellows!
The wyvern hisses angrily.
The howler monkey howls!
The wraith misses you.
You scratch the wraith. You bite the wraith, but do no damage.
The wraith is heavily damaged.
The yak bellows!
The wyvern hisses angrily.
The howler monkey howls!
The wyvern hisses angrily.
The wraith hits you!
You claw the wraith!
The wraith is almost destroyed.
The yak bellows!
The wyvern hisses angrily.
The wraith closely misses you.
You scratch the wraith but do no damage.
The wraith is almost destroyed.
The wyvern hisses angrily.
The howler monkey howls!
The wraith hits you.
* * * LOW HITPOINT WARNING * * *
You barely miss the wraith.
The wraith is almost destroyed.
The wyvern hisses angrily.
The howler monkey howls!
The yak bellows!
The wraith hits you.
* * * LOW HITPOINT WARNING * * *
The wraith drains your vigour!
You feel as though you will be slow longer.
Unknown command.
You barely miss the wraith.
The wraith is almost destroyed.
The yak bellows!
The wyvern hisses angrily.
The howler monkey howls!
The wraith completely misses you.
You scratch the wraith but do no damage.
The wraith is almost destroyed.
The yak bellows!
The howler monkey howls!
The wraith hits you.
You die... ▓▓▓▓▓▓▓▓▓▓▓▓▓▓▓▓▓▓▓▓▓▓▓▓ +KOYlhW@..[[[.)..'______ ▓▓▓▓▓▓▓▓▓▓▓▓▓▓▓▓▓▓▓▓▓▓▓▓

You could see a two-headed ogre (unable to see you), a yak (wandering, unable to see you), a wraith, a wyvern (wandering, unable to see you), a kobold brigand (unable to see you) and a howler monkey (wandering, unable to see you).

Vanquished Creatures
  A gnoll (D)
  A shadow imp (D)
  An ufetubus (D)
  A dart slug (D)
  An endoplasm (D)
  3 hobgoblins (D)
  A jackal (D)
  A frilled lizard (D)
10 creatures vanquished.

Notes
Turn   | Place    | Note
-------+----------+-------------------------------------------
     0 | D        | Groucho the Felid Berserker began the quest for the Orb.
     0 | D        | Reached XP level 1. HP: 10/10 MP: 2/2
     6 | D        | Reached skill level 1 in Stealth
    13 | D        | Reached ** piety under Trog
    14 | D        | Reached skill level 1 in Invocations
   241 | D        | Reached XP level 2. HP: 12/14 MP: 4/4
   244 | D        | Reached skill level 5 in Dodging
   245 | D        | Reached *** piety under Trog
   248 | D        | Reached XP level 3. HP: 11/18 MP: 5/5
   251 | D        | Found a snail-covered altar of Cheibriados.
   251 | D        | Found a shadowy altar of Dithmenos.
   251 | D        | Found a white marble altar of Elyvilon.
   251 | D        | Found a blossoming altar of Fedhas.
   251 | D        | Found an opulent altar of Gozag.
   252 | D        | Found a hazy altar of Hepliaklqana.
   253 | D        | Found a viscous altar of Jiyva.
   254 | D        | Found an ancient bone altar of Kikubaaqudgha.
   255 | D        | Found a corrupted altar of Lugonu.
   256 | D        | Found a burning altar of Makhleb.
   257 | D        | Found a sparkling altar of Nemelex Xobeh.
   258 | D        | Found an iron altar of Okawaru.
   776 | D        | Found a stormy altar of Qazlal.
   777 | D        | Found a sacrificial altar of Ru.
   778 | D        | Found a shimmering blue altar of Sif Muna.
   779 | D        | Found a bloodstained altar of Trog.
   780 | D        | Found a hide-covered altar of Uskayaw.
   781 | D        | Found a radiant altar of Vehumet.
   782 | D        | Found an ornate altar of the Wu Jian Council.
   783 | D        | Found a shimmering altar of Xom.
   784 | D        | Found a basalt altar of Yredelemnul.
   786 | D        | Found a glowing silver altar of Zin.
   787 | D        | Found a glowing golden altar of the Shining One.
  2449 | D        | Fell from the grace of Trog
  2449 | D        | Became a worshipper of Dithmenos the Shadowed
  2484 | D        | Noticed a kobold brigand
  2484 | D        | Noticed a two-headed ogre
  2484 | D        | Noticed a yak
  2484 | D        | Noticed a wyvern
  2484 | D        | Noticed a wraith
  2503 | D        | Slain by a wraith

Illustrated notes

Levels and vault maps discovered:
D:        linesprint [early_d, line_temple, items_1, d_10, items_2, lair_1,
          lair_end, items_3, orc_1, orc_end, items_4, d_15, swamp_1, shoals_1,
          snake_1, spider_1, d_20, vaults_1, items_5, swamp_end, shoals_end,
          snake_end, spider_end, vaults_end, d_27, items_6, zot_1, zot_end,
          crypt_end, forest_end, elf_end, slime_end, tomb_end, abyss_end,
          pan_hell_end]

Skill      XL: |  1  2 |
---------------+-------+-----
Stealth        | 2 3 |  3.7
Invocations    | 1 2 |  2.5
Dodging        | 5 |  5.4
Fighting       | 4 |  4.1
Unarmed Combat | 4 |  4.0

Action                   || total
-------------------------++-------
Melee: Unarmed           ||    36
       Bite              ||     3
       Punch             ||     1
Invok: Berserk           ||     5
       Trog's Hand       ||    13
  Use: Potion            ||     4
Dodge: Dodged            ||    17
